 Dungeon Crawl Stone Soup version 0.26-a0-962-g9b92081034 (webtiles) character file.

Game seed: 14592674793349459559

2243 KristoblXynda the Conjurer (level 9, -1/62 HPs)
             Began as a Purple Draconian Conjurer on Dec 2, 2020.
             Slain by an orc warrior
             ... wielding a +0 short sword
              (18 damage)
             ... on level 7 of the Dungeon.
             The game lasted 00:16:01 (8233 turns).

KristoblXynda the Conjurer (DrCj)                   Turns: 8233, Time: 00:16:02

Health: -1/62      AC: 10    Str:  9    XL:     9   Next: 14%
Magic:  12/20      EV: 13    Int: 23    God:
Gold:   411        SH:  4    Dex:  9    Spells: 15/23 levels left

rFire    . . .     SeeInvis +   f - +1 dagger (venom)
rCold    . . .     Faith    .   t - +0 buckler
rNeg     . . .     Spirit   .   (armour unavailable)
rPois    .         Reflect  .   (helmet restricted)
rElec    .         Harm     .   e - +0 cloak
rCorr    .         Rampage  .   q - +1 pair of gloves
MR       +....                  (no boots)
Stlth    ++++......             (no amulet)
HPRegen  0.20/turn              j - ring of stealth
MPRegen  0.17/turn              u - ring of see invisible

@: no status effects
A: breathe power, unfitting armour, cold-blooded, AC +7
a: Breathe Dispelling Energy


You were on level 7 of the Dungeon.
You visited 1 branch of the dungeon, and saw 7 of its levels.

You collected 489 gold pieces.
You spent 78 gold pieces at shops.

Inventory:

Hand Weapons
 a - a +0 long sword
 f - a +1 dagger of venom (weapon)
Armour
 e - a +0 cloak (worn)
 q - a +1 pair of gloves (worn)
 t - a +0 buckler (worn)
Jewellery
 j - a ring of stealth (left hand)
 u - a ring of see invisible (right hand)
Wands
 s - a wand of paralysis (5)
Scrolls
 b - 3 scrolls of enchant armour
 d - 5 scrolls of remove curse
 k - a scroll of fog
 l - 2 scrolls of teleportation
 n - a scroll of amnesia {unknown}
 p - a scroll of magic mapping
 v - 2 scrolls of immolation
Potions
 c - a potion of berserk rage
 g - 2 potions of lignification {unknown}
 h - 2 potions of attraction
 i - a potion of brilliance
 m - 2 potions of heal wounds
 o - 2 potions of invisibility
 r - a potion of might
 w - 3 potions of curing


   Skills:
 + Level 0.0 Fighting
 + Level 4.3 Dodging
 - Level 5.1 Stealth
 - Level 4.1 Shields
 + Level 7.5 Spellcasting
 + Level 7.7 Conjurations


You had 15 spell levels left.
You knew the following spells:

 Your Spells              Type           Power        Failure   Level
a - Magic Dart            Conj           ####         1%          1
b - Dazzling Flash        Conj/Hex       ####..       4%          3
c - Iskenderun's Mystic   Conj/Tloc      ####....     14%         4

Your spell library contained the following spells:

 Spells                   Type           Power        Failure   Level
 Shock                    Conj/Air       ####         1%          1
 Searing Ray              Conj           #####.       1%          2
 Static Discharge         Conj/Air       ####....     4%          3
 Animate Skeleton         Necr           #.....       8%          1
 Apportation              Tloc           #.....       8%          1
 Corona                   Hex            #......      8%          1
 Summon Small Mammal      Summ           #...         8%          1
 Ensorcelled Hibernation  Hex/Ice        #.....       11%         2
 Swiftness                Air            #.......     11%         2
 Fulminant Prism          Conj/Hex       ####......   14%         4
 Confusing Touch          Hex            #.......     22%         3
 Tukima's Dance           Hex            #.......     22%         3
 Lightning Bolt           Conj/Air       ####......   38%         5
 Airstrike                Air            #.........   58%         4


Dungeon Overview and Level Annotations

Branches:
Dungeon (7/15)
 Temple: D:4-7

Altars:
Sif Muna
The Shining One

Shops:
D:6 ?


Innate Abilities, Weirdness & Mutations

You can breathe bolts of dispelling energy.
Your rich purple scales are hard. (AC +7)
You cannot fit into any form of body armour.
You are cold-blooded and may be slowed by cold attacks.


Message History

Casting: Dazzling Flash (dangerous; 4% risk of failure)
Confirm with . or Enter, or press ? or * to list all spells.
The orc warrior is dazzled.
The orc warrior misses you.
Unknown command.
Unknown command.
Unknown command.
Unknown command.
You barely miss the orc warrior. You tail-slap the orc warrior.
The orc warrior is moderately wounded.
You hit the orc warrior but do no damage.
The orc warrior is moderately wounded.
The orc warrior closely misses you.
You hit the orc warrior but do no damage.
The orc warrior looks even sicker.
The orc warrior is moderately wounded.
The orc priest calls down the wrath of Beogh upon you.
Pain shoots through your body!
* * * LOW HITPOINT WARNING * * *
The orc warrior hits you with a +0 short sword!!
You die...

.. #.### #####
.#....### #...
#.# #...###o#
#####.##
##.##o@#
.......#
#.....##
.....#.##
#.##.##
.....#..###.##.#
......#.#.<.##.#
......#.#.####..
##.##.#...# ##.
#..##....## ..
#.#####..# ##


You could see an orc warrior (blind, very poisoned) and an orc priest.

Vanquished Creatures
  3 orc warriors
  2 sky beasts
  A phantom (D:6)
  An ice beast (D:4)
  4 ogres
  2 bullfrogs
  A gnoll sergeant (D:5)
  A killer bee (D:2)
  A bullfrog zombie (D:6)
  A jelly (D:5)
  5 orc priests
  2 hounds
  A centaur skeleton (D:5)
  A worker ant (D:6)
  Natasha (thrice) (D:2)
  8 orc wizards
  A hound zombie (D:2)
  2 hound skeletons
  5 gnolls (D:5)
  13 adders
  A shadow imp (D:6)
  A white imp (D:6)
  2 oozes (D:5)
  An adder zombie (D:6)
  An adder skeleton (D:4)
  4 worms
  12 leopard geckos
  28 orcs
  13 bats
  7 giant cockroaches
  13 goblins
  7 hobgoblins
  7 jackals
  6 kobolds
  A quokka (D:2)
  A ball python (D:3)
  6 frilled lizards
  A leopard gecko skeleton (D:4)
  10 rats
180 creatures vanquished.

Vanquished Creatures (others)
  29 plants (D:3)
29 creatures vanquished.

Grand Total: 209 creatures vanquished

Notes
Turn   | Place    | Note
-------+----------+-------------------------------------------
     0 | D:1      | KristoblXynda the Draconian Conjurer began the quest for
                  | the Orb.
     0 | D:1      | Reached XP level 1. HP: 14/14 MP: 3/3
   357 | D:1      | Reached XP level 2. HP: 20/20 MP: 3/5
   881 | D:1      | Reached XP level 3. HP: 23/26 MP: 3/6
  1403 | D:2      | Found a shimmering blue altar of Sif Muna.
  1594 | D:2      | Noticed Sigmund
  1703 | D:2      | Reached XP level 4. HP: 33/33 MP: 3/8
  2036 | D:2      | Noticed Natasha
  2041 | D:2      | Killed Natasha
  2068 | D:2      | Noticed Natasha
  2079 | D:2      | Killed Natasha
  2097 | D:2      | Noticed Natasha
  2104 | D:2      | Killed Natasha
  2105 | D:2      | Reached skill level 5 in Conjurations
  2105 | D:2      | Reached XP level 5. HP: 38/38 MP: 3/9
  2269 | D:2      | Noticed Sigmund
  2269 | D:2      | Sigmund changed into Sigmund the killer bee
  2273 | D:2      | Killed Sigmund the killer bee
  2302 | D:2      | Learned a level 3 spell: Dazzling Flash
  2850 | D:3      | Reached XP level 6. HP: 25/45 MP: 6/11
  3199 | D:3      | Found a glowing golden altar of the Shining One.
  3962 | D:4      | Your scales start taking on a rich purple colour.
  3962 | D:4      | Reached skill level 5 in Spellcasting
  3962 | D:4      | Reached XP level 7. HP: 50/50 MP: 4/14
  4680 | D:4      | Reached skill level 5 in Stealth
  4945 | D:4      | Reached skill level 1 in Shields
  5289 | D:5      | Entered Level 5 of the Dungeon
  5377 | D:5      | Reached XP level 8. HP: 19/57 MP: 4/17
  5664 | D:5      | Learned a level 4 spell: Iskenderun's Mystic Blast
  7541 | D:6      | Found Zymiur's Magic Scroll Shoppe.
  7544 | D:6      | Bought a scroll of identify for 26 gold pieces
  7544 | D:6      | Bought a scroll of identify for 26 gold pieces
  7544 | D:6      | Bought a scroll of identify for 26 gold pieces
  7838 | D:6      | Reached XP level 9. HP: 62/62 MP: 10/20
  8233 | D:7      | Slain by an orc warrior

Illustrated notes

Levels and vault maps discovered:
D:1:      lemuel_arrival_room, layout_basic
D:2:      layout_rooms, nicolae_overflow_crystal_walls, solitary_fountain,
          uniq_sigmund, uniq_natasha
D:3:      layout_basic, lemuel_round_altar, serial_bayou_lagoon_a
D:4:      layout_basic, nzn_random_ring
D:5:      layout_basic, serial_corexii_hall, corexii_hall_statues_s,
          chequers_hall_statues_wall_a
D:6:      layout_loops_ring, serial_shops, shop
D:7:      layout_rooms, nicolae_qazlal_style_of_elements, lemuel_crystal_altar,
          minmay_temple_entry_offerings, kennysheep_generic_room_14

Skill      XL: |  1  2  3  4  5  6  7  8  9 |
---------------+----------------------------+-----
Stealth        | 2 3 4 5 |  5.1
Spellcasting   | 3 5 6 7 |  7.5
Conjurations   | 5 6 7 |  7.7
Dodging        | 2 4 |  4.3
Shields        | 1 3 4 |  4.1

Action                   |  1- 3 |  4- 6 |  7- 9 || total
-------------------------+-------+-------+-------++-------
Melee: Unarmed           |    45 |     2 |       ||    47
       Dagger            |    80 |    42 |   224 ||   346
       Tailslap          |     5 |     9 |    19 ||    33
       Long sword        |       |    70 |    10 ||    80
 Cast: Magic Dart        |    68 |   109 |   177 ||   354
       Dazzling Flash    |       |       |     5 ||     5
 Abil: Breathe Dispellin |       |       |     3 ||     3
Evoke: Wand              |       |     3 |     4 ||     7
  Use: Scroll            |       |     7 |     6 ||    13
       Potion            |       |       |     8 ||     8
 Stab: Sleeping          |     1 |     3 |     8 ||    12
       Invisible         |       |       |     3 ||     3
       Paralysed         |       |       |    10 ||    10
Armor: Skin              |    48 |    53 |    95 ||   196
Dodge: Dodged            |   105 |    95 |   191 ||   391
Block: Buckler           |       |       |    20 ||    20
       Rpst.: Long sword |       |    27 |     5 ||    32

Table legend: (Time is in decaauts)
 A = Elapsed time spent in this place.
 B = Non-inter-level travel time spent in this place.
 C = Inter-level travel time spent in this place.
 D = Time resting spent in this place.
 E = Time spent auto-exploring this place.
 F = Levels seen in this place.
 G = Mean time per level.
                   A        B        C        D        E       F      G
               +--------+--------+--------+--------+--------+-----+--------+
         Total |   8291 |   8042 |    249 |   3025 |   3237 |   7 | 1184.4 |
       Dungeon |   8291 |   8042 |    249 |   3025 |   3237 |   7 | 1184.4 |
               +--------+--------+--------+--------+--------+-----+--------+

Top non-repeatable levels by time:
     D:5: 1624 daAuts
     D:4: 1529 daAuts
     D:3: 1418 daAuts
     D:1: 1338 daAuts
     D:6: 1153 daAuts
     D:2: 1053 daAuts
     D:7: 174 daAuts
